[Event "1.FrauenBL 2018-19"]
[Site "Berlin"]
[Date "2019.03.01"]
[Round "9.5"]
[White "Gosciniak, Maria"]
[Black "Osmanodja, Filiz"]
[Result "1-0"]
[ECO "A05"]
[WhiteElo "2116"]
[BlackElo "2326"]
[Annotator "NA"]
[PlyCount "141"]
[EventDate "2018.10.27"]
[EventType "team-tourn"]
[EventCountry "GER"]
[SourceTitle "playchess.com"]
[Source "ChessBase"]
[SourceQuality "1"]
[WhiteTeam "TuRa Harksheide"]
[BlackTeam "Hamburger SK"]
[TimeControl "40/5400+30:1800+30"]

1. Nf3 Nf6 2. g3 b5 3. Bg2 Bb7 4. O-O e6 5. d3 Be7 6. e4 d6 7. a4 a6 8. Nbd2 O-O 9. axb5 axb5 10. Rxa8 Bxa8 11. Nd4 Qd7 12. f4 c5 13. N4f3 Nc6 14. h3 Qa7 15. Kh2 Nd7 16. f5 exf5 17. Nh4 Bxh4 18. gxh4 Ne7 19. Qe2 Ng6 20. exf5 Nge5 21. Bxa8 Qxa8 22. Ne4 f6 23. Qg2 Qb8 24. Bf4 Rf7 25. Ng3 Nf8 26. Rg1 Qb7 27. Ne4 Qc7 28. Nc3 Qd7 29. Qe4 Nc6 30. Nd5 Ne7 31. Nxe7+ Qxe7 32. Qxe7 Rxe7 33. Bxd6 Re2+ 34. Rg2 Re1 35. Bxc5 Nd7 36. Bd4 Ne5 37. Bxe5 fxe5 38. Rf2 Kf7 39. Kg2 Kf6 40. Kg3 b4 41. Kf3 Kxf5 42. Rg2 Rh1 43. Rg5+ Kf6 44. Ke4 Re1+ 45. Kd5 Re2 46. c4 h6 47. Rg1 Rxb2 48. Rf1+ Ke7 49. Kxe5 b3 50. Kd4 Rc2 51. Rf5 b2 52. Rb5 Rh2 53. h5 Rxh3 54. Rxb2 Rh4+ 55. Kc5 Rxh5+ 56. Kc6 g5 57. d4 Rh4 58. Rd2 g4 59. d5 g3 60. d6+ Kd8 61. c5 Ra4 62. Rd3 g2 63. Rg3 Ra6+ 64. Kd5 Kd7 65. Rxg2 Ra1 66. Rg7+ Ke8 67. d7+ Kd8 68. Kd6 Rd1+ 69. Kc6 h5 70. Rg8+ Ke7 71. Re8+ {[%emt 0:00:00] --- [%clk ] Kb5+ [%clk ] Kxe8 [%clk ] Ke4 [%clk ] Rd5 [%clk ] Rg8+ [%clk ]} 1-0

[Event "1.FrauenBL 2018-19"]
[Site "Berlin"]
[Date "2019.03.01"]
[Round "9.6"]
[White "Fuchs, Judith"]
[Black "Waechter, Nathalie"]
[Result "1-0"]
[ECO "D02"]
[WhiteElo "2256"]
[BlackElo "2038"]
[Annotator "NA"]
[PlyCount "155"]
[EventDate "2018.10.27"]
[EventType "team-tourn"]
[EventCountry "GER"]
[SourceTitle "playchess.com"]
[Source "ChessBase"]
[SourceQuality "1"]
[WhiteTeam "Hamburger SK"]
[BlackTeam "TuRa Harksheide"]
[TimeControl "40/5400+30:1800+30"]

1. d4 d5 2. Bf4 e6 3. e3 Bd6 4. Bg3 Nf6 5. Nf3 O-O 6. Nbd2 b6 7. Bd3 c5 8. c3 Ba6 9. Bxa6 Nxa6 10. Qe2 Nb8 11. e4 Nh5 12. Bxd6 Qxd6 13. e5 Qe7 14. Qe3 f5 15. exf6 Nxf6 16. Ne5 cxd4 17. Qxd4 Nbd7 18. Nxd7 Nxd7 19. O-O Qd6 20. f4 Rf5 21. Ne4 Qc6 22. Ng3 Rf7 23. Rae1 Re8 24. b4 b5 25. Rf2 Qb6 26. Ne2 Qa6 27. Nc1 Qd6 28. Nd3 Rfe7 29. Ne5 Nb6 30. Re3 Rc8 31. Rh3 Nc4 32. Qd3 g6 33. Ng4 Rf8 34. Qd4 e5 35. fxe5 Nxe5 36. Rxf8+ Kxf8 37. Nxe5 Qxe5 38. Qxe5 Rxe5 39. Rxh7 a6 40. Kf2 Re6 41. Rc7 g5 42. Kf3 Rf6+ 43. Kg3 Rd6 44. Rc5 d4 45. cxd4 Rxd4 46. Rxg5 Rxb4 47. Rf5+ Kg7 48. Rf2 Kg6 49. h3 Kg5 50. Rd2 Ra4 51. Kf3 Kf5 52. g4+ Kg5 53. Rd5+ Kg6 54. Rd6+ Kg5 55. Rd5+ Kg6 56. h4 Rxa2 57. Rd6+ Kg7 58. Kf4 b4 59. Rb6 Ra4 60. Rb7+ Kf6 61. Rb6+ Kg7 62. Rb7+ Kf6 63. g5+ Kg6 64. Rb6+ Kg7 65. Kg4 a5 66. Rb7+ Kg8 67. Kh5 b3 68. Rxb3 Rb4 69. Rc3 Rb8 70. Rc4 Ra8 71. Ra4 Kf7 72. Kg4 Ra6 73. h5 Kg8 74. g6 Kf8 75. Kg5 Kg7 76. h6+ Kf8 77. Rf4+ Kg8 78. h7+ 1-0

[Event "1.FrauenBL 2018-19"]
[Site "Berlin"]
[Date "2019.03.01"]
[Round "9.6"]
[White "Kiefhaber, Veronika"]
[Black "Heinemann, Josefine"]
[Result "0-1"]
[ECO "B22"]
[WhiteElo "2151"]
[BlackElo "2238"]
[Annotator "NA"]
[PlyCount "90"]
[EventDate "2018.10.27"]
[EventType "team-tourn"]
[EventCountry "GER"]
[SourceTitle "playchess.com"]
[Source "ChessBase"]
[SourceQuality "1"]
[WhiteTeam "Karlsruher SF"]
[BlackTeam "OSG Baden-Baden"]
[TimeControl "40/5400+30:1800+30"]

1. e4 c5 2. c3 Nf6 3. e5 Nd5 4. Nf3 Nc6 5. Bc4 Nb6 6. Bb3 c4 7. Bc2 d5 8. exd6 Qxd6 9. b3 Bg4 10. bxc4 Qe6+ 11. Qe2 Qxe2+ 12. Kxe2 Nxc4 13. d3 N4e5 14. Nbd2 O-O-O 15. d4 Nxf3 16. gxf3 Bh5 17. Nc4 e6 18. Rg1 f6 19. Rb1 Bf7 20. Bb3 g6 21. Be3 Be7 22. Rgd1 g5 23. Nd2 h6 24. a4 Kc7 25. Bc4 f5 26. Nb3 Rhe8 27. Kf1 Bd6 28. Kg2 Ne7 29. Rb2 Ng6 30. Kh1 Nh4 31. Rdb1 Rb8 32. Be2 f4 33. Bd2 e5 34. dxe5 Rxe5 35. Nd4 Bc5 36. Bd3 Bd5 37. Be4 Rxe4 38. Rb5 b6 39. fxe4 Bxe4+ 40. f3 Bxb1 41. Rxb1 Bxd4 42. cxd4 Nxf3 43. Bc3 Re8 44. Rb2 Re3 45. Rc2 Kd6 0-1

[Event "1.FrauenBL 2018-19"]
[Site "Berlin"]
[Date "2019.03.01"]
[Round "9.6"]
[White "Storkebaum, Ulrike"]
[Black "Gvanceladze, Anna"]
[Result "1-0"]
[ECO "B19"]
[WhiteElo "1793"]
[BlackElo "2264"]
[Annotator "NA"]
[PlyCount "175"]
[EventDate "2018.10.27"]
[EventType "team-tourn"]
[EventCountry "GER"]
[SourceTitle "playchess.com"]
[Source "ChessBase"]
[SourceQuality "1"]
[WhiteTeam "Hofheim"]
[BlackTeam "Bad Koenigshofen"]
[TimeControl "40/5400+30:1800+30"]

1. e4 c6 2. d4 d5 3. Nc3 dxe4 4. Nxe4 Bf5 5. Ng3 Bg6 6. Nf3 Nd7 7. h4 h6 8. h5 Bh7 9. Bd3 Bxd3 10. Qxd3 e6 11. Be3 Bb4+ 12. c3 Be7 13. O-O-O Ngf6 14. Kb1 O-O 15. Ne4 Nxe4 16. Qxe4 Nf6 17. Qc2 Qd5 18. c4 Qe4 19. Qxe4 Nxe4 20. Ne5 Rfd8 21. f3 Ng3 22. Rh3 Nf5 23. f4 Bc5 24. Bf2 f6 25. Ng6 Kf7 26. Rhd3 Bb6 27. g4 Nd6 28. b3 Rd7 29. Be3 Ne4 30. Kc2 Rad8 31. c5 Bc7 32. b4 Rd5 33. Rf1 Ng3 34. Re1 f5 35. Bf2 Ne4 36. Bh4 R8d7 37. gxf5 exf5 38. Red1 Bd8 39. Be1 Bf6 40. Ne5+ Bxe5 41. dxe5 Ke6 42. Rxd5 cxd5 43. Kd3 g5 44. hxg6 Rg7 45. Rc1 Kd7 46. Kd4 Rxg6 47. Kxd5 Rg2 48. e6+ Ke7 49. Ke5 Re2 50. Kxf5 Nf6 51. Bh4 Rxe6 52. Rg1 Kf7 53. Rg6 Ne8 54. Rg2 Rc6 55. Ke5 a6 56. f5 Nc7 57. Rd2 a5 58. a3 axb4 59. axb4 Kf8 60. Rd8+ Ne8 61. Rd7 b6 62. cxb6 Rxb6 63. Be7+ Kg8 64. Bc5 Rc6 65. Rd8 Kf7 66. Rd7+ Kg8 67. Re7 Nf6 68. Re6 Nd7+ 69. Kd5 Rc8 70. Rxh6 Kg7 71. Rg6+ Kf7 72. Bd4 Rc1 73. Rg7+ Ke8 74. b5 Rb1 75. Kc6 Nb8+ 76. Kb6 Nd7+ 77. Ka5 Rd1 78. Bc3 Rc1 79. Kb4 Rb1+ 80. Kc4 Nb6+ 81. Kd3 Rxb5 82. Ke4 Nd7 83. Kf4 Rb3 84. Bd4 Rb4 85. Ke3 Rb1 86. Ke2 Rb4 87. Ke3 Rb1 88. Ke2 1-0

[Event "1.FrauenBL 2018-19"]
[Site "Berlin"]
[Date "2019.03.01"]
[Round "9.7"]
[White "Schleining, Zoya"]
[Black "Kashlinskaya, Alina"]
[Result "0-1"]
[ECO "A11"]
[WhiteElo "2344"]
[BlackElo "2470"]
[Annotator "ChessBase"]
[PlyCount "74"]
[EventDate "2018.10.27"]
[EventType "team-tourn"]
[EventCountry "GER"]
[SourceTitle "playchess.com"]
[Source "ChessBase"]
[SourceQuality "1"]
[WhiteTeam "SF Deizisau"]
[BlackTeam "SK Schwaebisch Hall"]
[TimeControl "40/5400+30:1800+30"]

1. Nf3 d5 2. g3 c6 3. Bg2 Bg4 4. c4 e6 5. cxd5 Bxf3 6. Bxf3 cxd5 7. O-O Nc6 8. d4 Nf6 9. Nc3 Be7 10. b3 Qa5 11. Na4 b5 12. Nc5 b4 13. Be3 Rc8 14. Rc1 Bxc5 15. Rxc5 Qxa2 16. Qd3 O-O 17. Qb5 Ne7 18. Rxc8 Rxc8 19. Qxb4 Nf5 20. Rc1 Qa6 21. Rxc8+ Qxc8 22. Bd2 h6 23. Qc5 Qa6 24. Kg2 Qa2 25. Bb4 Qxb3 26. e3 Kh7 27. Qc3 Qb1 28. Qe1 Qb3 29. Qc3 Qa4 30. Qa3 Qb5 31. Bc5 a5 32. Qa2 Ne4 33. Be2 Qb7 34. Qxa5 Qb1 35. Qb5 Qe1 36. f3 Nxe3+ 37. Kh3 Nf2+ {[%emt 0:00:00] --- [%clk ] Ned1+ [%clk ] Rb6 [%clk ] --- [%clk ] Bf1 [%clk ] --- [%clk ] Qd7 [%clk ] --- [%clk ] Rb7 [%clk ] --- [%clk ] Bf8 [%clk ] --- [%clk ]} 0-1

[Event "1.FrauenBL 2018-19"]
[Site "Berlin"]
[Date "2019.03.01"]
[Round "9.7"]
[White "Sieber, Fiona"]
[Black "Burchardt, Brigitte"]
[Result "1-0"]
[ECO "B90"]
[WhiteElo "2331"]
[BlackElo "2158"]
[Annotator "NA"]
[PlyCount "69"]
[EventDate "2018.10.27"]
[EventType "team-tourn"]
[EventCountry "GER"]
[SourceTitle "playchess.com"]
[Source "ChessBase"]
[SourceQuality "1"]
[WhiteTeam "SK Lehrte"]
[BlackTeam "Pankow"]
[TimeControl "40/5400+30:1800+30"]

1. e4 c5 2. Nf3 d6 3. d4 cxd4 4. Nxd4 Nf6 5. Nc3 a6 6. Be3 e5 7. Nb3 Be6 8. Qd2 Nbd7 9. f3 b5 10. g4 Nb6 11. Bxb6 Qxb6 12. O-O-O Be7 13. Kb1 O-O 14. h4 b4 15. Nd5 Bxd5 16. exd5 a5 17. h5 a4 18. Nc1 Ra5 19. Bc4 Rc8 20. b3 a3 21. g5 Ne8 22. f4 f6 23. Qe2 Qd8 24. Nd3 fxg5 25. fxe5 Rb8 26. h6 g6 27. Rhf1 Bf8 28. Qf3 Nc7 29. Rde1 Raa8 30. exd6 Qxd6 31. Qf7+ Kh8 32. Rf6 Qd8 33. d6 Ne6 34. Rfxe6 Bxh6 35. Re7 1-0

[Event "1.FrauenBL 2018-19"]
[Site "Berlin"]
[Date "2019.03.01"]
[Round "9.7"]
[White "Koehler, Inken"]
[Black "Schmidt, Jade"]
[Result "0-1"]
[ECO "A08"]
[WhiteElo "1992"]
[BlackElo "2054"]
[Annotator "NA"]
[PlyCount "80"]
[EventDate "2018.10.27"]
[EventType "team-tourn"]
[EventCountry "GER"]
[SourceTitle "playchess.com"]
[Source "ChessBase"]
[SourceQuality "1"]
[WhiteTeam "TuRa Harksheide"]
[BlackTeam "Hamburger SK"]
[TimeControl "40/5400+30:1800+30"]

1. Nf3 d5 2. g3 c5 3. Bg2 Nc6 4. O-O e5 5. d3 f6 6. c4 d4 7. Na3 Be6 8. Nc2 Qd7 9. Re1 Nge7 10. Rb1 Nf5 11. Nd2 Be7 12. Ne4 g5 13. b4 cxb4 14. Nxb4 Nxb4 15. Rxb4 Rb8 16. Rb3 Kf7 17. Ba3 b6 18. Bxe7 Qxe7 19. Qb1 Rbc8 20. Rc1 Nd6 21. Nxd6+ Qxd6 22. Qb2 Rc5 23. Qa3 Qd7 24. Rcb1 Rhc8 25. Rb5 Kg6 26. Bb7 Rxb5 27. Be4+ f5 28. Rxb5 fxe4 29. Rxe5 exd3 30. Qxd3+ Bf5 31. Qd2 Rc5 32. Rxc5 bxc5 33. Qa5 Qe7 34. Qa6+ Kg7 35. Qc6 d3 36. Qf3 dxe2 37. Qc3+ Kg8 38. Qe1 Qe4 39. f3 Qxf3 40. Qc1 h6 0-1

[Event "1.FrauenBL 2018-19"]
[Site "Berlin"]
[Date "2019.03.01"]
[Round "9.8"]
[White "Atalik, Ekaterina"]
[Black "Klek, Hanna Marie"]
[Result "1-0"]
[ECO "D31"]
[WhiteElo "2450"]
[BlackElo "2313"]
[Annotator "ChessBase"]
[PlyCount "113"]
[EventDate "2018.10.27"]
[EventType "team-tourn"]
[EventCountry "GER"]
[SourceTitle "playchess.com"]
[Source "ChessBase"]
[SourceQuality "1"]
[WhiteTeam "SK Schwaebisch Hall"]
[BlackTeam "SF Deizisau"]
[TimeControl "40/5400+30:1800+30"]

1. d4 d5 2. c4 e6 3. Nc3 a6 4. cxd5 exd5 5. Bf4 Nf6 6. e3 Bd6 7. Bxd6 Qxd6 8. Bd3 O-O 9. Nge2 Re8 10. Ng3 g6 11. O-O Nbd7 12. Re1 b6 13. Rc1 c5 14. Bb1 Bb7 15. dxc5 bxc5 16. Nge4 Qc6 17. Nxf6+ Nxf6 18. Na4 d4 19. e4 Nxe4 20. f3 Nf6 21. Nxc5 Rxe1+ 22. Qxe1 Rc8 23. Nb3 Qb6 24. Rxc8+ Bxc8 25. Qf2 Qb4 26. Nxd4 Bd7 27. Bd3 Nd5 28. Bf1 a5 29. g3 h5 30. h4 Nb6 31. a3 Qd6 32. Kg2 Na4 33. Qd2 Qd5 34. b3 Nc5 35. Bc4 Qd6 36. Qe3 Nb7 37. a4 Qc5 38. Qe4 Kg7 39. Qd5 Qxd5 40. Bxd5 Nc5 41. Kf2 f6 42. Ke3 g5 43. Kd2 Kf8 44. Kc3 Ke7 45. Kc4 Kd6 46. Bf7 Bh3 47. Bxh5 Bf1+ 48. Kc3 Nd3 49. Bg6 gxh4 50. Bxd3 Bxd3 51. gxh4 Bg6 52. b4 axb4+ 53. Kxb4 Ke5 54. Kc5 Kf4 55. a5 Bd3 56. Kb6 Ke5 57. a6 1-0

[Event "1.FrauenBL 2018-19"]
[Site "Berlin"]
[Date "2019.03.01"]
[Round "9.8"]
[White "Scognamiglio, Stefanie"]
[Black "Rosmait, Emily"]
[Result "1-0"]
[ECO "C54"]
[WhiteElo "2076"]
[BlackElo "1898"]
[Annotator "NA"]
[PlyCount "53"]
[EventDate "2018.10.27"]
[EventType "team-tourn"]
[EventCountry "GER"]
[SourceTitle "playchess.com"]
[Source "ChessBase"]
[SourceQuality "1"]
[WhiteTeam "Hamburger SK"]
[BlackTeam "TuRa Harksheide"]
[TimeControl "40/5400+30:1800+30"]

1. e4 e5 2. Nf3 Nc6 3. Bc4 Bc5 4. c3 Nf6 5. d4 exd4 6. cxd4 Bb4+ 7. Bd2 Bxd2+ 8. Nbxd2 d6 9. O-O O-O 10. Re1 Ne7 11. Qb3 c6 12. e5 dxe5 13. dxe5 Nfd5 14. Ne4 Nb6 15. Bd3 Be6 16. Qc2 h6 17. Nc5 Qc8 18. Nd4 Bd5 19. f3 Re8 20. e6 fxe6 21. Ndxe6 Bxe6 22. Nxe6 Ned5 23. Bf5 Qd7 24. Ng5 Ne3 25. Rxe3 Qd4 26. Bh7+ Kf8 27. Qf5+ 1-0

[Event "1.FrauenBL 2018-19"]
[Site "Berlin"]
[Date "2019.03.01"]
[Round "9.8"]
[White "Jahn, Constanze"]
[Black "Hapala, Elisabeth"]
[Result "0-1"]
[ECO "B22"]
[WhiteElo "2063"]
[BlackElo "2143"]
[Annotator "NA"]
[PlyCount "148"]
[EventDate "2018.10.27"]
[EventType "team-tourn"]
[EventCountry "GER"]
[SourceTitle "playchess.com"]
[Source "ChessBase"]
[SourceQuality "1"]
[WhiteTeam "Pankow"]
[BlackTeam "SK Lehrte"]
[TimeControl "40/5400+30:1800+30"]

1. e4 c5 2. Nf3 e6 3. c3 Nf6 4. e5 Nd5 5. d4 cxd4 6. cxd4 d6 7. Bb5+ Bd7 8. Bxd7+ Nxd7 9. O-O Rc8 10. Bd2 dxe5 11. dxe5 Be7 12. Qa4 O-O 13. Qg4 Re8 14. Nc3 Nxc3 15. Bxc3 Nb6 16. Rad1 Nd5 17. h4 Qc7 18. Bd4 Qc2 19. h5 h6 20. Nd2 f5 21. exf6 Bxf6 22. Ne4 Bxd4 23. Rxd4 Qxb2 24. Nd6 Nf6 25. Qd1 Red8 26. Rd2 Qb4 27. Re1 Rd7 28. Rxe6 Rcd8 29. Rd4 Qc5 30. Qd2 Ne8 31. Rd5 Rxd6 32. Rxe8+ Rxe8 33. Rxd6 Qxh5 34. Rd7 Qb5 35. g3 Qb1+ 36. Kh2 Qe4 37. Qc3 Re7 38. Rd4 Qe2 39. Rd2 Qe4 40. Rd4 Qe6 41. a4 Kh7 42. Qc5 b6 43. Qc2+ Qg6 44. Qc3 Re5 45. Rc4 Rh5+ 46. Kg2 Qb1 47. Qc2+ Qxc2 48. Rxc2 Ra5 49. Rc4 Kg6 50. Kf3 Kf5 51. Ke3 Ke5 52. Kd3 Rd5+ 53. Ke3 Ra5 54. Kd3 Kd6 55. Ke3 a6 56. Kd3 Rd5+ 57. Ke3 b5 58. axb5 axb5 59. Rc8 b4 60. Ke4 Rb5 61. Rd8+ Ke7 62. Rd1 Ke6 63. Rb1 b3 64. Rb2 h5 65. f4 Rb4+ 66. Kd3 Kf5 67. Ke3 Rb8 68. Kf3 Rb7 69. Ke3 Ke6 70. Ke4 g6 71. Kd4 Kf5 72. Ke3 Kg4 73. Kf2 h4 74. gxh4 Kxf4 0-1

[Event "1.FrauenBL 2018-19"]
[Site "Berlin"]
[Date "2019.03.01"]
[Round "9.9"]
[White "Koepke, Elena"]
[Black "Bulmaga, Irina"]
[Result "0-1"]
[ECO "B14"]
[WhiteElo "2301"]
[BlackElo "2424"]
[Annotator "NA RC"]
[PlyCount "72"]
[EventDate "2018.10.27"]
[EventType "team-tourn"]
[EventCountry "GER"]
[SourceTitle "playchess.com"]
[Source "ChessBase"]
[SourceQuality "1"]
[WhiteTeam "SF Deizisau"]
[BlackTeam "SK Schwaebisch Hall"]
[TimeControl "40/5400+30:1800+30"]

1. e4 c6 2. c4 d5 3. exd5 cxd5 4. cxd5 Nf6 5. Nc3 Nxd5 6. Nf3 e6 7. d4 Bb4 8. Qc2 Nc6 9. a3 Ba5 10. Bd3 h6 11. O-O O-O 12. Bc4 Nce7 13. Ba2 Bd7 14. Bd2 Rc8 15. Qd3 Bc7 16. Bb1 f5 17. Re1 Rf6 18. Nxd5 Nxd5 19. Ne5 Bxe5 20. Rxe5 Qb6 21. Ba2 Qxb2 22. Ree1 Bb5 23. Rab1 Qxa2 24. Rxb5 Qc2 25. Qe2 b6 26. g3 Qc4 27. Bf4 Nxf4 28. gxf4 Rg6+ 29. Kf1 Qxd4 30. Re5 Rc6 31. Qf3 Rc3 32. Qa8+ Kh7 33. R5e3 Qc4+ 34. R3e2 Qxf4 35. Rxe6 Rxe6 36. Rxe6 Rc1+ 0-1

[Event "1.FrauenBL 2018-19"]
[Site "Berlin"]
[Date "2019.03.01"]
[Round "9.9"]
[White "Boric, Elena"]
[Black "Bodnaruk, Anastasia"]
[Result "0-1"]
[ECO "D00"]
[WhiteElo "2202"]
[BlackElo "2422"]
[Annotator "NA"]
[PlyCount "72"]
[EventDate "2018.10.27"]
[EventType "team-tourn"]
[EventCountry "GER"]
[SourceTitle "playchess.com"]
[Source "ChessBase"]
[SourceQuality "1"]
[WhiteTeam "FC Bayern Muenchen"]
[BlackTeam "Rodewischer SM"]
[TimeControl "40/5400+30:1800+30"]

1. d4 Nf6 2. Nf3 g6 3. Bf4 Bg7 4. e3 O-O 5. Nc3 d5 6. Bd3 b6 7. O-O Bb7 8. h3 c5 9. Re1 Ne4 10. Be5 f6 11. Bh2 Nxc3 12. bxc3 c4 13. Bf1 Nd7 14. a4 Rc8 15. Nd2 f5 16. f4 Nf6 17. g4 Qd7 18. Be2 a5 19. g5 Ne8 20. Qb1 Rc6 21. Bf3 e6 22. Bg3 Nd6 23. h4 Ba6 24. Kg2 Rb8 25. h5 b5 26. hxg6 hxg6 27. axb5 Rxb5 28. Qa2 Rcb6 29. Qa4 Qb7 30. Rac1 Qb8 31. Rh1 Bb7 32. Rh2 Bc6 33. Qa3 a4 34. Ra1 Rb2 35. Bd1 Bf8 36. Ra2 Nf7 0-1

[Event "1.FrauenBL 2018-19"]
[Site "Berlin"]
[Date "2019.03.01"]
[Round "9.9"]
[White "Duessler, Stefanie"]
[Black "Wagner-Michel, Annett"]
[Result "1/2-1/2"]
[ECO "B60"]
[WhiteElo "2105"]
[BlackElo "2059"]
[Annotator "NA"]
[PlyCount "156"]
[EventDate "2018.10.27"]
[EventType "team-tourn"]
[EventCountry "GER"]
[SourceTitle "playchess.com"]
[Source "ChessBase"]
[SourceQuality "1"]
[WhiteTeam "SK Lehrte"]
[BlackTeam "Pankow"]
[TimeControl "40/5400+30:1800+30"]

1. e4 c5 2. Nf3 Nc6 3. d4 cxd4 4. Nxd4 Nf6 5. Nc3 d6 6. Bg5 a6 7. Qd2 h6 8. Bh4 g5 9. Bg3 e5 10. Nxc6 bxc6 11. O-O-O Be6 12. h4 g4 13. f3 Qa5 14. b3 Be7 15. Na4 Qxd2+ 16. Rxd2 Nd7 17. c4 f5 18. exf5 Bxf5 19. Bd3 Bxd3 20. Rxd3 h5 21. Re1 gxf3 22. gxf3 O-O-O 23. f4 Rhg8 24. Re2 Rg4 25. fxe5 Nxe5 26. Rde3 Bxh4 27. Bxh4 Rxh4 28. c5 Rd4 29. Kc2 Nd7 30. Re6 Kc7 31. Rh6 Nxc5 32. Nxc5 dxc5 33. Rxh5 R4d5 34. Rh6 R8d6 35. Rh7+ Rd7 36. Rh6 Rd4 37. Kc3 Rd3+ 38. Kc2 R3d6 39. Rh3 Kb6 40. Kc3 Rd1 41. Rh8 R1d3+ 42. Kc2 R3d4 43. Rh6 c4 44. Ree6 cxb3+ 45. axb3 Rc7 46. Kc3 Rd5 47. Re8 Rc5+ 48. Kb4 Rb5+ 49. Kc4 Rf7 50. Re3 Rf4+ 51. Kc3 Rc5+ 52. Kb2 Rf2+ 53. Ka3 a5 54. b4 axb4+ 55. Kxb4 Rb2+ 56. Ka3 Rb1 57. Rb3+ Rxb3+ 58. Kxb3 Kb5 59. Rh3 Rg5 60. Kc3 c5 61. Rf3 Rg1 62. Rh3 Rc1+ 63. Kb2 Rc4 64. Kb3 Rb4+ 65. Kc3 Ra4 66. Rh8 Ra3+ 67. Kb2 Rg3 68. Rh4 c4 69. Rh8 Rd3 70. Rb8+ Kc5 71. Kc2 Rf3 72. Rc8+ Kd4 73. Rd8+ Kc5 74. Rc8+ Kd4 75. Rd8+ Ke4 {Rg5# [%clk ]} 76. Z0 {Qxe4 [%clk ]} Rf4 77. Rh8 Z0 {Qb7 [%clk ] a5 [%clk ]} 78. Rf8 Z0 {a4 [%clk ]} 1/2-1/2

[Event "1.FrauenBL 2018-19"]
[Site "Berlin"]
[Date "2019.03.01"]
[Round "9.10"]
[White "Goehler, Antje"]
[Black "Boehm, Jana"]
[Result "1-0"]
[ECO "A57"]
[WhiteElo "2099"]
[BlackElo "2004"]
[Annotator "NA"]
[PlyCount "135"]
[EventDate "2018.10.27"]
[EventType "team-tourn"]
[EventCountry "GER"]
[SourceTitle "playchess.com"]
[Source "ChessBase"]
[SourceQuality "1"]
[WhiteTeam "Pankow"]
[BlackTeam "SK Lehrte"]
[TimeControl "40/5400+30:1800+30"]

1. d4 Nf6 2. Nf3 c5 3. d5 b5 4. c4 Bb7 5. e3 d6 6. b3 Nbd7 7. Bb2 bxc4 8. Bxc4 Nb6 9. Bb5+ Nfd7 10. e4 a6 11. Be2 Nf6 12. Nbd2 g6 13. O-O Bg7 14. Qc2 O-O 15. Nc4 e5 16. dxe6 Bxe4 17. exf7+ Rxf7 18. Bxf6 Qxf6 19. Qxe4 d5 20. Qc2 dxc4 21. Bxc4 Nxc4 22. Qxc4 Kh8 23. Qxc5 Qxa1 24. Rxa1 Bxa1 25. Qc4 Rd8 26. h4 Rf6 27. Qc1 Bd4 28. Nxd4 Rxd4 29. g3 Rfd6 30. Kg2 Rd2 31. Qc3+ Kg8 32. a4 h5 33. b4 R2d5 34. Qc4 Kf8 35. Qc8+ Ke7 36. Qb7+ Ke6 37. Qg7 Kf5 38. Qf7+ Ke4 39. b5 axb5 40. axb5 Kd4 41. Qa7+ Kc4 42. b6 Rb5 43. Qc7+ Kd5 44. b7 Rdb6 45. b8=Q Rxb8 46. Qf7+ Kd6 47. Qxg6+ Ke7 48. Qg7+ Ke6 49. f3 Rb2+ 50. Kh3 R8b5 51. Qg6+ Ke7 52. g4 hxg4+ 53. Qxg4 R2b3 54. h5 Rb6 55. Qg7+ Ke8 56. Qg8+ Ke7 57. Qg7+ Ke8 58. Qe5+ Kf8 59. Kg4 Rb1 60. Qc5+ Kf7 61. f4 R6b4 62. Qc7+ Kg8 63. Kg5 Rb6 64. Qc4+ Kh8 65. Qd4+ Kh7 66. f5 Ra6 67. Qd7+ Kg8 68. Qc8+ 1-0

[Event "1.FrauenBL 2018-19"]
[Site "Berlin"]
[Date "2019.03.01"]
[Round "9.11"]
[White "Manusina, Nicole"]
[Black "Mai, Iris"]
[Result "1/2-1/2"]
[ECO "D35"]
[WhiteElo "1988"]
[BlackElo "2035"]
[Annotator "NA"]
[PlyCount "118"]
[EventDate "2018.10.27"]
[EventType "team-tourn"]
[EventCountry "GER"]
[SourceTitle "playchess.com"]
[Source "ChessBase"]
[SourceQuality "1"]
[WhiteTeam "SK Lehrte"]
[BlackTeam "Pankow"]
[TimeControl "40/5400+30:1800+30"]

1. d4 Nf6 2. c4 e6 3. Nc3 d5 4. cxd5 exd5 5. Bg5 Be7 6. e3 c6 7. Qc2 Bg4 8. Bd3 Bh5 9. Nf3 Bg6 10. Bxg6 hxg6 11. Rb1 Na6 12. a3 Nc7 13. b4 a6 14. a4 Ne6 15. Bxf6 gxf6 16. O-O Bd6 17. g3 Kf8 18. Rfd1 Kg7 19. e4 Rh5 20. Qe2 Qd7 21. b5 axb5 22. axb5 Rah8 23. bxc6 bxc6 24. exd5 cxd5 25. Qb5 Qd8 26. Na4 Rf5 27. Rd3 Qg8 28. h4 Qh7 29. Qd7 Rd8 30. Qa7 g5 31. Rb7 Qg6 32. Nc5 Bxc5 33. dxc5 d4 34. c6 Rc5 35. Qa6 Rc1+ 36. Kh2 g4 37. Qa3 Rxc6 38. Nd2 Nc5 39. Rdb3 Nxb3 40. Qxb3 Rcd6 41. Rb5 f5 42. Nc4 Qe6 43. Re5 Qf6 44. Nxd6 Rxd6 45. Re2 d3 46. Rd2 Qd4 47. Qb5 Qe4 48. Qc5 Rd4 49. Qb5 Qd5 50. Qxd5 Rxd5 51. Kg2 f4 52. gxf4 Kg6 53. f3 Kf5 54. Kg3 gxf3 55. Kxf3 Rd4 56. Ke3 Rd7 57. h5 Kg4 58. h6 f5 59. Rxd3 Re7+ 1/2-1/2

[Event "1.FrauenBL 2018-19"]
[Site "Berlin"]
[Date "2019.03.01"]
[Round "9.12"]
[White "Wolf, Sylvia"]
[Black "Zschischang, Marine"]
[Result "1-0"]
[ECO "B12"]
[WhiteElo "1993"]
[BlackElo "2069"]
[Annotator "NA"]
[PlyCount "191"]
[EventDate "2018.10.27"]
[EventType "team-tourn"]
[EventCountry "GER"]
[SourceTitle "playchess.com"]
[Source "ChessBase"]
[SourceQuality "1"]
[WhiteTeam "Pankow"]
[BlackTeam "SK Lehrte"]
[TimeControl "40/5400+30:1800+30"]

1. e4 c6 2. d4 d5 3. e5 c5 4. Nf3 Bg4 5. Be2 e6 6. O-O Nc6 7. c3 Bxf3 8. Bxf3 cxd4 9. cxd4 Qb6 10. Be3 Qxb2 11. Nd2 Bb4 12. Nb3 Qa3 13. Qd3 Ba5 14. Rfc1 Nge7 15. Rc5 Bb6 16. Rc3 Qa4 17. Nc5 Bxc5 18. Rxc5 Nf5 19. Bd1 Qb4 20. Rb1 Qe1+ 21. Qf1 Qxf1+ 22. Kxf1 O-O 23. Rxb7 Ncxd4 24. g4 Rfb8 25. Rxb8+ Rxb8 26. gxf5 Nxf5 27. Bc1 g6 28. Bg5 Kg7 29. Bf6+ Kh6 30. Rc7 Rb1 31. Ke1 Nd4 32. Rxf7 Nf3+ 33. Ke2 Ng1+ 34. Kd2 Rb2+ 35. Ke3 Rxa2 36. Bg7+ Kg5 37. h4+ Kxh4 38. Bf6+ Kh3 39. Rxh7+ Kg2 40. Bh4 Ra3+ 41. Kd4 Ra1 42. Bc2 Nf3+ 43. Kc3 Nxe5 44. Bg3 Nf3 45. Bxg6 e5 46. Bf7 Rc1+ 47. Kb2 Rc5 48. Rg7 Kf1 49. Bh5 Rb5+ 50. Kc3 Ne1 51. Rxa7 e4 52. Be8 Rb1 53. Rh7 Rc1+ 54. Kd2 Rc2+ 55. Kd1 Rc8 56. Bb5+ Nd3 57. Bxd3+ exd3 58. Kd2 Kg2 59. Kxd3 Kf3 60. Kd4 Re8 61. Kxd5 Kg4 62. Kd6 Re2 63. Re7 Ra2 64. Rc7 Re2 65. Rc4+ Kf5 66. Rf4+ Kg5 67. Rd4 Kf5 68. Rd5+ Kf6 69. Bh4+ Kf7 70. f4 Re6+ 71. Kd7 Re4 72. Bg5 Ra4 73. f5 Re4 74. Kd6 Rg4 75. Bd8 Re4 76. f6 Re2 77. Be7 Ra2 78. Rg5 Rd2+ 79. Ke5 Re2+ 80. Kd4 Rf2 81. Ke3 Rf1 82. Bd8 Re1+ 83. Kf2 Re6 84. Rg7+ Kf8 85. Be7+ Ke8 86. Rg8+ Kf7 87. Rg7+ Ke8 88. Kf3 Re1 89. Kf4 Rf1+ 90. Kg5 Rh1 91. Kg6 Rh2 92. Rg8+ Kd7 93. Kf7 Rh7+ 94. Rg7 Rh8 95. Bb4 Rh6 96. Kg8+ 1-0

[Event "1.FrauenBL 2018-19"]
[Site "Berlin"]
[Date "2019.03.02"]
[Round "10"]
[White "Agrest, Inna"]
[Black "Jahn, Constanze"]
[Result "1-0"]
[ECO "B48"]
[WhiteElo "2265"]
[BlackElo "2063"]
[Annotator "NA"]
[PlyCount "97"]
[EventDate "2018.10.27"]
[EventType "team-tourn"]
[EventCountry "GER"]
[SourceTitle "playchess.com"]
[Source "ChessBase"]
[SourceQuality "1"]
[WhiteTeam "Hofheim"]
[BlackTeam "Pankow"]
[TimeControl "40/5400+30:1800+30"]

1. e4 c5 2. Nf3 e6 3. d4 cxd4 4. Nxd4 Nc6 5. Nc3 Qc7 6. Be3 a6 7. Qf3 Nf6 8. O-O-O Be7 9. Be2 d6 10. Qg3 g6 11. f4 Nd7 12. Bf3 Bf6 13. Rhe1 Bg7 14. Kb1 Na5 15. e5 dxe5 16. f5 Nc5 17. fxe6 fxe6 18. Nb3 Ncxb3 19. axb3 O-O 20. h4 Nc6 21. Bxc6 Qxc6 22. h5 Qe8 23. Ne4 gxh5 24. Bc5 Rf4 25. Qd3 b6 26. g3 Rg4 27. Bxb6 Bb7 28. Nd6 Qc6 29. Nxb7 Qxb6 30. Qd7 Rf8 31. Nd6 Rg6 32. Ne4 Rf7 33. Qc8+ Rf8 34. Qd7 Rf7 35. Qc8+ Rf8 36. Qc4 Rg4 37. Rd6 Qa5 38. b4 Qa4 39. Rxa6 Qd7 40. Qxe6+ Qxe6 41. Rxe6 h4 42. gxh4 Rxh4 43. b5 Rb8 44. c4 Rh2 45. b6 h6 46. c5 Kf7 47. Rc6 Bf8 48. Rf1+ Ke7 49. Rcf6 1-0